Devils vs Flames

Created - 20 novembre 2020 at 19:48

Goals
1 2 3 T
Devils 1 1 0 2
Flames 1 2 0 3
Shots
1 2 3 T
Devils 7 11 7 25
Flames 7 16 12 35

1st period

1. Flames , John Tavares 4 (Tom Wilson 4, Zach Parise 9) at 10:13 (PP)
2. Devils , Niklas Hjalmarsson 3 (Chris Kreider 2, T.J. Oshie 7) at 15:36

Penalties :
Travis Konecny (NJD) for Tripping (Minor) at 1:07, Brian Boyle (NJD) for Cross-checking (Minor) at 8:45

2nd period

3. Flames , Blake Wheeler 9 (Brady Tkachuk 4, Esa Lindell 12) at 4:43 (PP)
4. Devils , Sam Reinhart 2 (Travis Konecny 2, Justin Schultz 6) at 10:19
5. Flames , Zach Parise 8 (Ethan Bear 5, Tom Wilson 5) at 18:51 (PP)

Penalties :
Justin Schultz (NJD) for Hooking (Minor) at 3:32, John Tavares (CGY) for Holding (Minor) at 10:52, Brian Boyle (NJD) for Delaying the game (Minor) at 17:27

3rd period

No Goal

Penalties :
Alec Martinez (CGY) for Slashing (Minor) at 6:27, Tom Wilson (CGY) for High sticking (Minor) at 8:37, Ryan Suter (NJD) for Interference (Minor) at 19:01

Goalie Stats

Marc-Andre Fleury (NJD), 32 saves from 35 shots - (0,914), L, 1-5-0, 60:00 minutes
Jordan Binnington (CGY), 23 saves from 25 shots - (0,920), W, 5-1-1, 60:00 minutes

Players Stats for Devils

Player Name              G  A  P  +/- PIM S  H  SB GA TA FO     MP     PP MP  PK MP  
------------------------------------------------------------------------------------
Brian Boyle              0  0  0   0  4   0  2  0  0  0  3/4     6:38   0:19   1:04 
Cale Makar               0  0  0   0  0   0  3  1  0  0  0/0    21:33   3:16   1:51 
Chris Kreider            0  1  1   1  0   2  4  0  0  0  0/2    16:56   3:09   0:00 
Damon Severson           0  0  0   0  0   0  0  0  0  0  0/0     9:46   0:00   1:24 
Evgeni Malkin            0  0  0   0  0   2  2  0  0  0  9/24   18:20   2:48   1:02 
Justin Schultz           0  1  1   2  2   2  2  1  0  0  0/0    22:16   0:38   3:45 
Mathieu Joseph           0  0  0   0  0   0  0  0  0  0  0/0     9:45   0:00   4:54 
Mike Hoffman             0  0  0   0  0   5  0  0  0  0  0/1    16:59   2:29   0:00 
Mikhail Sergachev        0  0  0   0  0   1  0  0  0  0  0/0    19:30   2:48   0:21 
Nicklas Backstrom        0  0  0   1  0   5  2  0  0  0  11/24  16:56   3:09   0:00 
Niklas Hjalmarsson       1  0  1   2  0   1  3  1  0  0  0/0    22:02   2:03   4:40 
Rocco Grimaldi           0  0  0   0  0   0  0  0  0  0  1/1     4:51   0:00   0:00 
Ryan Suter               0  0  0   0  2   0  2  2  0  0  0/0    24:25   3:09   1:59 
Sam Reinhart             1  0  1   1  0   2  1  0  0  0  0/2    16:43   2:48   0:00 
T.J. Oshie               0  1  1   1  0   2  1  0  0  0  0/1    16:56   3:09   0:00 
Travis Konecny           0  1  1   1  2   1  2  0  0  0  1/1    13:54   0:00   0:00 
Tyler Bozak              0  0  0   1  0   1  1  0  0  0  14/22  19:11   0:00   5:16 
Zack Smith               0  0  0   0  0   1  1  0  0  0  1/1    16:14   0:00   1:44 

Players Stats for Flames

Player Name              G  A  P  +/- PIM S  H  SB GA TA FO     MP     PP MP  PK MP  
------------------------------------------------------------------------------------
Alec Martinez            0  0  0   0  2   0  0  0  0  0  0/0    15:04   0:46   1:49 
Blake Wheeler            1  0  1  -1  0   2  3  0  0  0  1/2    20:44   2:58   1:34 
Brady Tkachuk            0  1  1  -1  0   4  2  1  0  0  1/4    19:35   3:46   1:16 
Brandon Tanev            0  0  0   0  0   1  1  0  0  0  0/1    11:01   0:00   3:07 
Brayden McNabb           0  0  0  -1  0   0  1  1  0  0  0/0    18:19   0:00   1:01 
Brendan Smith            0  0  0   0  0   0  1  0  0  0  1/2     9:42   0:00   1:18 
Charlie Coyle            0  0  0   0  0   1  0  0  0  0  8/16   14:47   3:46   3:07 
Esa Lindell              0  1  1  -1  0   1  1  0  0  0  0/0    21:13   3:44   0:00 
Ethan Bear               0  1  1  -1  0   1  1  3  0  0  0/0    23:33   3:16   3:13 
Jared Spurgeon           0  0  0  -1  0   1  1  0  0  0  0/0    23:21   3:16   2:50 
John Tavares             1  0  1  -1  2   5  2  1  0  0  15/21  19:25   3:14   0:00 
Marc Staal               0  0  0   0  0   0  1  2  0  0  0/0    15:29   0:00   2:59 
Matthew Peca             0  0  0   0  0   0  1  0  0  0  0/0     8:24   0:00   0:00 
Pavel Zacha              0  0  0  -1  0   5  1  1  0  0  10/21  18:19   3:46   0:00 
Sean Kuraly              0  0  0   0  0   0  0  0  0  0  6/13    8:24   0:00   0:00 
Taylor Hall              0  0  0   0  0   2  0  0  0  0  0/0     7:54   0:00   0:00 
Tom Wilson               0  2  2  -1  2   5  4  0  0  0  0/1    17:46   3:14   0:00 
Zach Parise              1  1  2  -1  0   7  0  0  0  0  1/2    21:00   3:14   1:34 

3 Stars

1 - Niklas Hjalmarsson (NJD)
2 - Zach Parise (CGY)
3 - Sam Reinhart (NJD)

Power Play

Devils - 0 on 3 Attempt(s) - 0,00%
Flames - 3 on 5 Attempt(s) - 60,00%

Penalty Kill

Devils - 2 on 5 Attempt(s) - 40,00% - Score 0 goal in Penalty Kill
Flames - 3 on 3 Attempt(s) - 100,00% - Score 0 goal in Penalty Kill

Team Stat

Devils - Hits : 26 - Faceoff Wins : 40 - Blocked Shots : 5 - Penalty Minutes : 10
Flames - Hits : 20 - Faceoff Wins : 43 - Blocked Shots : 9 - Penalty Minutes : 6

Official

Referees : Jake Brenk and Ian Walsh
Linesman : Luke Murray and Tyson Baker

Game Notes

Damon Severson is injured at 9:31 of 2nd period (Sprained Right Finger)

Finance

Level 1 -- Attendance: 5917 (91,03%) -- Ticket Income 739 625 $
Level 2 -- Attendance: 5000 (100,00%) -- Ticket Income 290 000 $
Level 3 -- Attendance: 3500 (100,00%) -- Ticket Income 157 500 $
Level 4 -- Attendance: 2825 (85,89%) -- Ticket Income 70 625 $
Luxury Box -- Attendance: 1000 (100,00%) -- Ticket Income 160 000 $
Game was played at the Scotiabank Saddledome.
Total Attendance: 18242 (94,57%)
Total Ticket Income: 1 417 750 $
Other Income: 694 698 $
Total Income: 2 112 448 $

% Time on Ice - Devils

Lines # - Real PCT - Wanted PCT - Time Play
Normal Forward
1 - 29% - 33% - 13:47
2 - 31% - 32% - 14:30
3 - 30% - 32% - 13:55
4 - 10% - 3% - 4:51
Normal Defense
1 - 28% - 32% - 12:57
2 - 35% - 32% - 16:21
3 - 33% - 31% - 15:44
4 - 4% - 5% - 2:01
PP Forward
1 - 53% - 50% - 3:09
2 - 47% - 50% - 2:48
PP Defense
1 - 53% - 60% - 3:09
2 - 47% - 40% - 2:48
PK Forward
1 - 75% - 60% - 5:16
2 - 25% - 40% - 1:44
PK Defense
1 - 66% - 60% - 4:38
2 - 34% - 40% - 2:22
PK3 Forward
1 - 0% - 60%
2 - 0% - 40%
PK3 Defense
1 - 0% - 60%
2 - 0% - 40%
44 Forward
1 - 0% - 60%
2 - 0% - 40%
44 Defense
1 - 0% - 60%
2 - 0% - 40%
Last Minute Offensive  - 0:00
Last Minute Defensive  - 0:00
Total
Forward - 60:00
Defense - 60:00

% Time on Ice - Flames

Lines # - Real PCT - Wanted PCT - Time Play
Normal Forward
1 - 34% - 35% - 16:12
2 - 31% - 32% - 14:33
3 - 17% - 18% - 7:54
4 - 18% - 15% - 8:24
Normal Defense
1 - 36% - 40% - 17:04
2 - 37% - 39% - 17:18
3 - 27% - 21% - 12:30
4 - 0% - 0% - 0:11
PP Forward
1 - 46% - 60% - 3:14
2 - 54% - 40% - 3:46
PP Defense
1 - 53% - 60% - 3:44
2 - 47% - 40% - 3:16
PK Forward
1 - 74% - 60% - 4:23
2 - 26% - 40% - 1:34
PK Defense
1 - 45% - 50% - 2:40
2 - 55% - 50% - 3:17
PK3 Forward
1 - 0% - 50%
2 - 0% - 50%
PK3 Defense
1 - 0% - 50%
2 - 0% - 50%
44 Forward
1 - 0% - 50%
2 - 0% - 50%
44 Defense
1 - 0% - 50%
2 - 0% - 50%
Last Minute Offensive  - 0:00
Last Minute Defensive  - 0:00
Total
Forward - 60:00
Defense - 60:00

Play-by-Play

1st period


0:01 of 1st period - John Tavares wins face-off versus Nicklas Backstrom in neutral zone.
0:50 of 1st period - Blake Wheeler is hit by Evgeni Malkin.
1:01 of 1st period - Icing by Ethan Bear.
1:02 of 1st period - John Tavares wins face-off versus Tyler Bozak in Flames zone.
1:02 of 1st period - John Tavares is hit by Travis Konecny.
1:07 of 1st period - Minor Penalty to Travis Konecny for Tripping.
1:08 of 1st period - Tyler Bozak wins face-off versus Charlie Coyle in Devils zone.
2:05 of 1st period - Shot by John Tavares.
2:05 of 1st period - Shot Misses the Net.
3:15 of 1st period - Shot by Nicklas Backstrom.
3:15 of 1st period - Stopped by Jordan Binnington without a rebound.
3:16 of 1st period - Nicklas Backstrom wins face-off versus Sean Kuraly in Flames zone.
3:34 of 1st period - Off-side.
3:35 of 1st period - Charlie Coyle wins face-off versus Evgeni Malkin in neutral zone.
3:59 of 1st period - Off-side.
4:00 of 1st period - Brendan Smith wins face-off versus Chris Kreider in neutral zone.
4:53 of 1st period - Shot by Sam Reinhart.
4:53 of 1st period - Shot Misses the Net.
4:55 of 1st period - Shot by Niklas Hjalmarsson.
4:55 of 1st period - Shot Misses the Net.
5:15 of 1st period - Shot by Sam Reinhart.
5:15 of 1st period - Stopped by Jordan Binnington with a rebound.
5:17 of 1st period - Shot by Travis Konecny.
5:17 of 1st period - Shot Misses the Net.
5:19 of 1st period - Shot by Justin Schultz.
5:19 of 1st period - Shot Misses the Net.
5:49 of 1st period - Shot by Evgeni Malkin.
5:49 of 1st period - Stopped by Jordan Binnington without a rebound.
5:50 of 1st period - Rocco Grimaldi wins face-off versus Pavel Zacha in Flames zone.
5:56 of 1st period - Icing by Brayden McNabb.
5:57 of 1st period - Brady Tkachuk wins face-off versus Mike Hoffman in Flames zone.
5:57 of 1st period - Brady Tkachuk is hit by Zack Smith.
7:23 of 1st period - Shot by Zach Parise.
7:23 of 1st period - Stopped by Marc-Andre Fleury without a rebound.
7:24 of 1st period - Charlie Coyle wins face-off versus Nicklas Backstrom in Devils zone.
8:00 of 1st period - Charlie Coyle is hit by Ryan Suter and loses puck.
8:29 of 1st period - Zach Parise is hit by Brian Boyle and loses puck.
8:45 of 1st period - Minor Penalty to Brian Boyle for Cross-checking.
8:46 of 1st period - Tyler Bozak wins face-off versus Pavel Zacha in Devils zone.
8:55 of 1st period - Shot by Pavel Zacha.
8:55 of 1st period - Stopped by Marc-Andre Fleury without a rebound.
8:56 of 1st period - Tyler Bozak wins face-off versus Brady Tkachuk in Devils zone.
9:43 of 1st period - Shot by Blake Wheeler.
9:43 of 1st period - Shot Blocked by Niklas Hjalmarsson.
9:47 of 1st period - Shot by John Tavares.
9:47 of 1st period - Stopped by Marc-Andre Fleury without a rebound.
9:48 of 1st period - Tyler Bozak wins face-off versus John Tavares in Devils zone.
9:59 of 1st period - Shot by Tom Wilson.
9:59 of 1st period - Stopped by Marc-Andre Fleury with a rebound.
10:08 of 1st period - John Tavares is hit by Justin Schultz and loses puck.
10:11 of 1st period - Shot by Tom Wilson.
10:11 of 1st period - Shot Misses the Net.
10:13 of 1st period - Shot by John Tavares.
10:13 of 1st period - Goal by John Tavares - Devils : 0 - Flames : 1.
10:14 of 1st period - Nicklas Backstrom wins face-off versus Sean Kuraly in neutral zone.
10:21 of 1st period - Shot by Nicklas Backstrom.
10:21 of 1st period - Shot Misses the Net.
12:23 of 1st period - Shot by Travis Konecny.
12:23 of 1st period - Shot Misses the Net.
12:29 of 1st period - Shot by Sam Reinhart.
12:29 of 1st period - Shot Misses the Net.
12:31 of 1st period - Shot by Tyler Bozak.
12:31 of 1st period - Shot Misses the Net.
12:33 of 1st period - Shot by Tyler Bozak.
12:33 of 1st period - Shot Misses the Net.
12:35 of 1st period - Shot by Justin Schultz.
12:35 of 1st period - Shot Hit the Post.
12:43 of 1st period - Shot by Tyler Bozak.
12:43 of 1st period - Shot Misses the Net.
13:04 of 1st period - Shot by Rocco Grimaldi.
13:04 of 1st period - Shot Misses the Net.
13:52 of 1st period - Shot by T.J. Oshie.
13:52 of 1st period - Shot Blocked by John Tavares.
13:58 of 1st period - Shot by T.J. Oshie.
13:58 of 1st period - Shot Misses the Net.
14:18 of 1st period - Shot by Sam Reinhart.
14:18 of 1st period - Shot Blocked by Brayden McNabb.
14:20 of 1st period - Shot by Mikhail Sergachev.
14:20 of 1st period - Stopped by Jordan Binnington with a rebound.
14:49 of 1st period - Esa Lindell is hit by Cale Makar and loses puck.
15:07 of 1st period - Shot by Evgeni Malkin.
15:07 of 1st period - Deflect By Mike Hoffman.
15:07 of 1st period - Stopped by Jordan Binnington without a rebound.
15:08 of 1st period - Pavel Zacha wins face-off versus Nicklas Backstrom in Flames zone.
15:10 of 1st period - Jared Spurgeon is hit by Chris Kreider and loses puck.
15:24 of 1st period - Shot by T.J. Oshie.
15:24 of 1st period - Shot Misses the Net.
15:26 of 1st period - Shot by Niklas Hjalmarsson.
15:26 of 1st period - Shot Blocked by Ethan Bear.
15:34 of 1st period - Shot by Chris Kreider.
15:34 of 1st period - Shot Blocked by Pavel Zacha.
15:36 of 1st period - Shot by Niklas Hjalmarsson.
15:36 of 1st period - Goal by Niklas Hjalmarsson - Devils : 1 - Flames : 1.
15:37 of 1st period - Brian Boyle wins face-off versus Charlie Coyle in neutral zone.
16:20 of 1st period - Shot by Sam Reinhart.
16:20 of 1st period - Shot Misses the Net.
16:58 of 1st period - Shot by Pavel Zacha.
16:58 of 1st period - Stopped by Marc-Andre Fleury without a rebound.
16:59 of 1st period - Sean Kuraly wins face-off versus Evgeni Malkin in Devils zone.
17:28 of 1st period - Matthew Peca is hit by Niklas Hjalmarsson and loses puck.
17:42 of 1st period - Niklas Hjalmarsson is hit by Brady Tkachuk and loses puck.
18:03 of 1st period - Shot by Tom Wilson.
18:03 of 1st period - Stopped by Marc-Andre Fleury with a rebound.
18:08 of 1st period - Cale Makar is hit by Tom Wilson and loses puck.
18:28 of 1st period - Icing by Pavel Zacha.
18:29 of 1st period - Tyler Bozak wins face-off versus Pavel Zacha in Flames zone.
18:32 of 1st period - Shot by Sam Reinhart.
18:32 of 1st period - Shot Misses the Net.
18:42 of 1st period - Shot by Tyler Bozak.
18:42 of 1st period - Shot Blocked by Marc Staal.
18:44 of 1st period - Shot by Damon Severson.
18:44 of 1st period - Shot Blocked by Brady Tkachuk.
18:46 of 1st period - Shot by Damon Severson.
18:46 of 1st period - Shot Misses the Net.
18:48 of 1st period - Shot by Travis Konecny.
18:48 of 1st period - Stopped by Jordan Binnington without a rebound.
18:49 of 1st period - Brian Boyle wins face-off versus Charlie Coyle in Flames zone.
19:30 of 1st period - Icing by Ethan Bear.
19:31 of 1st period - Tyler Bozak wins face-off versus Charlie Coyle in Flames zone.
19:53 of 1st period - Off-side.
19:54 of 1st period - Evgeni Malkin wins face-off versus Sean Kuraly in neutral zone.
Goals for this period are 1 for Devils vs 1 for Flames.
Shots for this period are 7 for Devils vs 7 for Flames.

2nd period


0:01 of 2nd period - Pavel Zacha wins face-off versus Evgeni Malkin in neutral zone.
0:10 of 2nd period - Off-side.
0:11 of 2nd period - John Tavares wins face-off versus Sam Reinhart in neutral zone.
0:37 of 2nd period - Shot by John Tavares.
0:37 of 2nd period - Stopped by Marc-Andre Fleury without a rebound.
0:38 of 2nd period - Evgeni Malkin wins face-off versus Pavel Zacha in Devils zone.
1:49 of 2nd period - Shot by Blake Wheeler.
1:49 of 2nd period - Shot Misses the Net.
1:59 of 2nd period - Shot by John Tavares.
1:59 of 2nd period - Stopped by Marc-Andre Fleury with a rebound.
2:01 of 2nd period - Shot by Zach Parise.
2:01 of 2nd period - Stopped by Marc-Andre Fleury with a rebound.
2:03 of 2nd period - Shot by Zach Parise.
2:03 of 2nd period - Shot Misses the Net.
2:12 of 2nd period - Shot by John Tavares.
2:12 of 2nd period - Shot Misses the Net.
2:58 of 2nd period - Ryan Suter is hit by Brandon Tanev and loses puck.
3:04 of 2nd period - Icing by Ryan Suter.
3:05 of 2nd period - Sean Kuraly wins face-off versus Tyler Bozak in Devils zone.
3:14 of 2nd period - Shot by Ethan Bear.
3:14 of 2nd period - Stopped by Marc-Andre Fleury without a rebound.
3:15 of 2nd period - Pavel Zacha wins face-off versus Evgeni Malkin in Devils zone.
3:15 of 2nd period - Tom Wilson is hit by Niklas Hjalmarsson and loses puck.
3:32 of 2nd period - Shot by Brady Tkachuk.
3:32 of 2nd period - Stopped by Marc-Andre Fleury without a rebound.
3:32 of 2nd period - Minor Penalty to Justin Schultz for Hooking.
3:33 of 2nd period - John Tavares wins face-off versus Tyler Bozak in Devils zone.
4:37 of 2nd period - Shot by Esa Lindell.
4:37 of 2nd period - Shot Misses the Net.
4:43 of 2nd period - Shot by Blake Wheeler.
4:43 of 2nd period - Goal by Blake Wheeler - Devils : 1 - Flames : 2.
4:44 of 2nd period - Sean Kuraly wins face-off versus Evgeni Malkin in neutral zone.
5:08 of 2nd period - Shot by Matthew Peca.
5:08 of 2nd period - Shot Misses the Net.
5:21 of 2nd period - Icing by Alec Martinez.
5:22 of 2nd period - Sean Kuraly wins face-off versus Nicklas Backstrom in Flames zone.
5:22 of 2nd period - Sean Kuraly is hit by Chris Kreider.
5:27 of 2nd period - Off-side.
5:28 of 2nd period - Nicklas Backstrom wins face-off versus Pavel Zacha in neutral zone.
5:35 of 2nd period - Shot by T.J. Oshie.
5:35 of 2nd period - Deflect By Chris Kreider.
5:35 of 2nd period - Stopped by Jordan Binnington without a rebound.
5:36 of 2nd period - Pavel Zacha wins face-off versus Tyler Bozak in Flames zone.
5:36 of 2nd period - Brady Tkachuk is hit by Tyler Bozak and loses puck.
5:59 of 2nd period - Shot by Pavel Zacha.
5:59 of 2nd period - Shot Blocked by Cale Makar.
6:01 of 2nd period - Shot by Pavel Zacha.
6:01 of 2nd period - Stopped by Marc-Andre Fleury with a rebound.
6:03 of 2nd period - Shot by Pavel Zacha.
6:03 of 2nd period - Shot Misses the Net.
6:05 of 2nd period - Shot by Tom Wilson.
6:05 of 2nd period - Stopped by Marc-Andre Fleury without a rebound.
6:06 of 2nd period - Evgeni Malkin wins face-off versus Zach Parise in Devils zone.
6:15 of 2nd period - Shot by Mike Hoffman.
6:15 of 2nd period - Stopped by Jordan Binnington with a rebound.
6:43 of 2nd period - Shot by Zack Smith.
6:43 of 2nd period - Deflect By Mike Hoffman.
6:43 of 2nd period - Stopped by Jordan Binnington without a rebound.
6:44 of 2nd period - Tyler Bozak wins face-off versus Pavel Zacha in Flames zone.
7:01 of 2nd period - Cale Makar is hit by Jared Spurgeon.
7:04 of 2nd period - Icing by Jared Spurgeon.
7:05 of 2nd period - Nicklas Backstrom wins face-off versus Brady Tkachuk in Flames zone.
7:14 of 2nd period - Shot by Chris Kreider.
7:14 of 2nd period - Stopped by Jordan Binnington without a rebound.
7:15 of 2nd period - John Tavares wins face-off versus Tyler Bozak in Flames zone.
7:27 of 2nd period - Off-side.
7:28 of 2nd period - Evgeni Malkin wins face-off versus Tom Wilson in neutral zone.
7:39 of 2nd period - Shot by Evgeni Malkin.
7:39 of 2nd period - Shot Blocked by Ethan Bear.
7:41 of 2nd period - Shot by Evgeni Malkin.
7:41 of 2nd period - Shot Misses the Net.
7:43 of 2nd period - Shot by Cale Makar.
7:43 of 2nd period - Shot Blocked by Ethan Bear.
7:45 of 2nd period - Shot by Zack Smith.
7:45 of 2nd period - Shot Misses the Net.
7:57 of 2nd period - Shot by Mike Hoffman.
7:57 of 2nd period - Stopped by Jordan Binnington with a rebound.
8:18 of 2nd period - Jared Spurgeon is hit by Travis Konecny and loses puck.
8:33 of 2nd period - Shot by Sam Reinhart.
8:33 of 2nd period - Shot Misses the Net.
8:46 of 2nd period - Blake Wheeler is hit by Justin Schultz.
8:58 of 2nd period - Shot by John Tavares.
8:58 of 2nd period - Stopped by Marc-Andre Fleury without a rebound.
8:59 of 2nd period - Charlie Coyle wins face-off versus Nicklas Backstrom in Devils zone.
9:29 of 2nd period - Icing by Damon Severson.
9:30 of 2nd period - Nicklas Backstrom wins face-off versus Sean Kuraly in Devils zone.
9:30 of 2nd period - Damon Severson is hit by Brendan Smith and loses puck.
9:31 of 2nd period - Damon Severson from Devils is injured at 9:31 of 2nd period (Sprained Right Finger).
9:32 of 2nd period - John Tavares wins face-off versus Evgeni Malkin in Devils zone.
9:39 of 2nd period - Shot by Blake Wheeler.
9:39 of 2nd period - Shot Misses the Net.
9:42 of 2nd period - Icing by Ryan Suter.
9:43 of 2nd period - Pavel Zacha wins face-off versus Evgeni Malkin in Devils zone.
9:48 of 2nd period - Shot by Brady Tkachuk.
9:48 of 2nd period - Stopped by Marc-Andre Fleury without a rebound.
9:49 of 2nd period - Tyler Bozak wins face-off versus John Tavares in Devils zone.
10:17 of 2nd period - Shot by Sam Reinhart.
10:17 of 2nd period - Shot Misses the Net.
10:19 of 2nd period - Shot by Sam Reinhart.
10:19 of 2nd period - Goal by Sam Reinhart - Devils : 2 - Flames : 2.
10:20 of 2nd period - Nicklas Backstrom wins face-off versus Pavel Zacha in neutral zone.
10:22 of 2nd period - Off-side.
10:23 of 2nd period - Pavel Zacha wins face-off versus Nicklas Backstrom in neutral zone.
10:37 of 2nd period - Icing by Ethan Bear.
10:38 of 2nd period - Pavel Zacha wins face-off versus Tyler Bozak in Flames zone.
10:47 of 2nd period - Shot by Tom Wilson.
10:47 of 2nd period - Stopped by Marc-Andre Fleury without a rebound.
10:48 of 2nd period - John Tavares wins face-off versus Evgeni Malkin in Devils zone.
10:52 of 2nd period - Minor Penalty to John Tavares for Holding.
10:53 of 2nd period - Charlie Coyle wins face-off versus Nicklas Backstrom in Flames zone.
11:29 of 2nd period - T.J. Oshie is hit by Ethan Bear and loses puck.
12:48 of 2nd period - Shot by T.J. Oshie.
12:48 of 2nd period - Deflect By Nicklas Backstrom.
12:48 of 2nd period - Stopped by Jordan Binnington without a rebound.
12:49 of 2nd period - Evgeni Malkin wins face-off versus Brendan Smith in Flames zone.
14:41 of 2nd period - Icing by Evgeni Malkin.
14:42 of 2nd period - Charlie Coyle wins face-off versus Evgeni Malkin in Devils zone.
14:45 of 2nd period - Shot by Brandon Tanev.
14:45 of 2nd period - Stopped by Marc-Andre Fleury without a rebound.
14:46 of 2nd period - Zach Parise wins face-off versus Nicklas Backstrom in Devils zone.
14:47 of 2nd period - Shot by Esa Lindell.
14:47 of 2nd period - Shot Misses the Net.
15:05 of 2nd period - Chris Kreider is hit by Blake Wheeler and loses puck.
15:11 of 2nd period - Icing by Justin Schultz.
15:12 of 2nd period - Pavel Zacha wins face-off versus Nicklas Backstrom in Devils zone.
15:29 of 2nd period - Shot by Tom Wilson.
15:29 of 2nd period - Deflect By Pavel Zacha.
15:29 of 2nd period - Shot Misses the Net.
16:36 of 2nd period - Ryan Suter is hit by Blake Wheeler and loses puck.
17:11 of 2nd period - Shot by Tyler Bozak.
17:11 of 2nd period - Stopped by Jordan Binnington without a rebound.
17:12 of 2nd period - Sean Kuraly wins face-off versus Brian Boyle in Flames zone.
17:14 of 2nd period - Icing by Brayden McNabb.
17:15 of 2nd period - Brian Boyle wins face-off versus Sean Kuraly in Flames zone.
17:27 of 2nd period - Minor Penalty to Brian Boyle for Delaying the game.
17:28 of 2nd period - Tyler Bozak wins face-off versus Brady Tkachuk in Devils zone.
17:28 of 2nd period - Tyler Bozak is hit by Brady Tkachuk.
18:18 of 2nd period - Tyler Bozak is hit by Tom Wilson and loses puck.
18:31 of 2nd period - Shot by John Tavares.
18:31 of 2nd period - Shot Misses the Net.
18:33 of 2nd period - Shot by Jared Spurgeon.
18:33 of 2nd period - Shot Misses the Net.
18:35 of 2nd period - Shot by Zach Parise.
18:35 of 2nd period - Shot Hit the Post.
18:37 of 2nd period - Shot by Zach Parise.
18:37 of 2nd period - Stopped by Marc-Andre Fleury with a rebound.
18:39 of 2nd period - Shot by Zach Parise.
18:39 of 2nd period - Stopped by Marc-Andre Fleury without a rebound.
18:40 of 2nd period - John Tavares wins face-off versus Evgeni Malkin in Devils zone.
18:41 of 2nd period - Shot by Zach Parise.
18:41 of 2nd period - Stopped by Marc-Andre Fleury with a rebound.
18:43 of 2nd period - Shot by Tom Wilson.
18:43 of 2nd period - Shot Misses the Net.
18:45 of 2nd period - Shot by Ethan Bear.
18:45 of 2nd period - Shot Blocked by Ryan Suter.
18:51 of 2nd period - Shot by Zach Parise.
18:51 of 2nd period - Goal by Zach Parise - Devils : 2 - Flames : 3.
18:52 of 2nd period - Nicklas Backstrom wins face-off versus Sean Kuraly in neutral zone.
19:21 of 2nd period - Shot by Nicklas Backstrom.
19:21 of 2nd period - Stopped by Jordan Binnington without a rebound.
19:22 of 2nd period - Evgeni Malkin wins face-off versus Charlie Coyle in Flames zone.
19:49 of 2nd period - Shot by Mike Hoffman.
19:49 of 2nd period - Stopped by Jordan Binnington without a rebound.
19:50 of 2nd period - John Tavares wins face-off versus T.J. Oshie in Flames zone.
19:50 of 2nd period - John Tavares is hit by Nicklas Backstrom.
19:56 of 2nd period - Shot by T.J. Oshie.
19:56 of 2nd period - Stopped by Jordan Binnington without a rebound.
19:57 of 2nd period - John Tavares wins face-off versus Nicklas Backstrom in Flames zone.
19:57 of 2nd period - Ethan Bear is hit by T.J. Oshie and loses puck.
Goals for this period are 1 for Devils vs 2 for Flames.
Shots for this period are 11 for Devils vs 16 for Flames.

3rd period


0:01 of 3rd period - John Tavares wins face-off versus Tyler Bozak in neutral zone.
0:03 of 3rd period - Blake Wheeler is hit by Cale Makar and loses puck.
0:07 of 3rd period - Icing by Cale Makar.
0:08 of 3rd period - Tyler Bozak wins face-off versus John Tavares in Devils zone.
0:08 of 3rd period - Tyler Bozak is hit by John Tavares.
0:44 of 3rd period - Zach Parise is hit by Sam Reinhart and loses puck.
1:29 of 3rd period - Shot by Tom Wilson.
1:29 of 3rd period - Stopped by Marc-Andre Fleury with a rebound.
1:55 of 3rd period - Shot by Brady Tkachuk.
1:55 of 3rd period - Stopped by Marc-Andre Fleury without a rebound.
1:56 of 3rd period - Nicklas Backstrom wins face-off versus Brandon Tanev in Devils zone.
2:08 of 3rd period - Shot by Taylor Hall.
2:08 of 3rd period - Stopped by Marc-Andre Fleury without a rebound.
2:09 of 3rd period - Sean Kuraly wins face-off versus Sam Reinhart in Devils zone.
2:26 of 3rd period - Off-side.
2:27 of 3rd period - Pavel Zacha wins face-off versus Chris Kreider in neutral zone.
3:06 of 3rd period - Mikhail Sergachev is hit by Brayden McNabb and loses puck.
3:33 of 3rd period - Justin Schultz is hit by John Tavares.
3:57 of 3rd period - Shot by Blake Wheeler.
3:57 of 3rd period - Deflect By Zach Parise.
3:57 of 3rd period - Stopped by Marc-Andre Fleury without a rebound.
3:58 of 3rd period - Zack Smith wins face-off versus Charlie Coyle in Devils zone.
5:03 of 3rd period - Shot by Nicklas Backstrom.
5:03 of 3rd period - Shot Misses the Net.
5:20 of 3rd period - Icing by Esa Lindell.
5:21 of 3rd period - Tyler Bozak wins face-off versus Sean Kuraly in Flames zone.
5:50 of 3rd period - Justin Schultz is hit by Tom Wilson.
6:27 of 3rd period - Minor Penalty to Alec Martinez for Slashing.
6:28 of 3rd period - Nicklas Backstrom wins face-off versus Charlie Coyle in Flames zone.
6:29 of 3rd period - Shot by Cale Makar.
6:29 of 3rd period - Shot Misses the Net.
6:31 of 3rd period - Shot by Nicklas Backstrom.
6:31 of 3rd period - Stopped by Jordan Binnington without a rebound.
6:32 of 3rd period - Charlie Coyle wins face-off versus Nicklas Backstrom in Flames zone.
6:32 of 3rd period - Charlie Coyle is hit by Chris Kreider.
7:35 of 3rd period - Shot by Evgeni Malkin.
7:35 of 3rd period - Stopped by Jordan Binnington without a rebound.
7:36 of 3rd period - Blake Wheeler wins face-off versus Evgeni Malkin in Flames zone.
7:36 of 3rd period - Blake Wheeler is hit by Evgeni Malkin.
7:52 of 3rd period - Shot by Blake Wheeler.
7:52 of 3rd period - Shot Misses the Net.
8:02 of 3rd period - Shot by Blake Wheeler.
8:02 of 3rd period - Deflect By Zach Parise.
8:02 of 3rd period - Shot Misses the Net.
8:35 of 3rd period - Mathieu Joseph is hit by Tom Wilson and loses puck.
8:37 of 3rd period - Minor Penalty to Tom Wilson for High sticking.
8:38 of 3rd period - Charlie Coyle wins face-off versus Nicklas Backstrom in Flames zone.
8:55 of 3rd period - Shot by Chris Kreider.
8:55 of 3rd period - Shot Blocked by Marc Staal.
9:05 of 3rd period - Shot by Nicklas Backstrom.
9:05 of 3rd period - Shot Misses the Net.
9:09 of 3rd period - Shot by Justin Schultz.
9:09 of 3rd period - Stopped by Jordan Binnington without a rebound.
9:10 of 3rd period - Evgeni Malkin wins face-off versus Blake Wheeler in Flames zone.
9:11 of 3rd period - Shot by Ryan Suter.
9:11 of 3rd period - Shot Misses the Net.
10:11 of 3rd period - Shot by Chris Kreider.
10:11 of 3rd period - Shot Misses the Net.
10:13 of 3rd period - Shot by Niklas Hjalmarsson.
10:13 of 3rd period - Shot Misses the Net.
10:32 of 3rd period - Brandon Tanev is hit by Brian Boyle and loses puck.
10:46 of 3rd period - Esa Lindell is hit by Niklas Hjalmarsson and loses puck.
11:04 of 3rd period - Icing by Esa Lindell.
11:05 of 3rd period - John Tavares wins face-off versus Tyler Bozak in Flames zone.
11:12 of 3rd period - Shot by John Tavares.
11:12 of 3rd period - Shot Misses the Net.
11:51 of 3rd period - Shot by Nicklas Backstrom.
11:51 of 3rd period - Stopped by Jordan Binnington without a rebound.
11:52 of 3rd period - Pavel Zacha wins face-off versus Evgeni Malkin in Flames zone.
12:14 of 3rd period - Shot by Tom Wilson.
12:14 of 3rd period - Shot Misses the Net.
12:24 of 3rd period - Shot by Brady Tkachuk.
12:24 of 3rd period - Stopped by Marc-Andre Fleury without a rebound.
12:25 of 3rd period - Nicklas Backstrom wins face-off versus Charlie Coyle in Devils zone.
13:02 of 3rd period - Off-side.
13:03 of 3rd period - Tyler Bozak wins face-off versus Pavel Zacha in neutral zone.
13:30 of 3rd period - Shot by Pavel Zacha.
13:30 of 3rd period - Stopped by Marc-Andre Fleury without a rebound.
13:31 of 3rd period - John Tavares wins face-off versus Evgeni Malkin in Devils zone.
13:48 of 3rd period - Shot by Mike Hoffman.
13:48 of 3rd period - Shot Misses the Net.
13:50 of 3rd period - Shot by Zack Smith.
13:50 of 3rd period - Stopped by Jordan Binnington without a rebound.
13:51 of 3rd period - Charlie Coyle wins face-off versus Nicklas Backstrom in Flames zone.
13:51 of 3rd period - Charlie Coyle is hit by Chris Kreider.
13:54 of 3rd period - Taylor Hall is hit by Nicklas Backstrom and loses puck.
14:05 of 3rd period - Shot by Taylor Hall.
14:05 of 3rd period - Stopped by Marc-Andre Fleury without a rebound.
14:06 of 3rd period - John Tavares wins face-off versus Evgeni Malkin in Devils zone.
14:06 of 3rd period - Zach Parise is hit by Cale Makar and loses puck.
14:10 of 3rd period - Icing by Cale Makar.
14:11 of 3rd period - Evgeni Malkin wins face-off versus John Tavares in Devils zone.
14:49 of 3rd period - John Tavares is hit by Ryan Suter and loses puck.
17:05 of 3rd period - Brian Boyle is hit by Matthew Peca and loses puck.
17:30 of 3rd period - Off-side.
17:31 of 3rd period - Evgeni Malkin wins face-off versus Pavel Zacha in neutral zone.
17:35 of 3rd period - Evgeni Malkin is hit by Esa Lindell and loses puck.
17:42 of 3rd period - Shot by Brady Tkachuk.
17:42 of 3rd period - Deflect By Pavel Zacha.
17:42 of 3rd period - Stopped by Marc-Andre Fleury with a rebound.
17:44 of 3rd period - Shot by Esa Lindell.
17:44 of 3rd period - Stopped by Marc-Andre Fleury without a rebound.
17:45 of 3rd period - Nicklas Backstrom wins face-off versus John Tavares in Devils zone.
17:45 of 3rd period - Nicklas Backstrom is hit by Blake Wheeler.
17:50 of 3rd period - Chris Kreider is hit by Marc Staal and loses puck.
17:59 of 3rd period - Shot by T.J. Oshie.
17:59 of 3rd period - Stopped by Jordan Binnington without a rebound.
18:00 of 3rd period - Travis Konecny wins face-off versus Pavel Zacha in Flames zone.
18:22 of 3rd period - Shot by Travis Konecny.
18:22 of 3rd period - Shot Misses the Net.
18:24 of 3rd period - Shot by Justin Schultz.
18:24 of 3rd period - Stopped by Jordan Binnington without a rebound.
18:25 of 3rd period - John Tavares wins face-off versus Evgeni Malkin in Flames zone.
18:36 of 3rd period - Shot by Blake Wheeler.
18:36 of 3rd period - Stopped by Marc-Andre Fleury with a rebound.
18:38 of 3rd period - Shot by John Tavares.
18:38 of 3rd period - Shot Misses the Net.
18:48 of 3rd period - Shot by Blake Wheeler.
18:48 of 3rd period - Shot Blocked by Ryan Suter.
19:01 of 3rd period - Minor Penalty to Ryan Suter for Interference.
19:02 of 3rd period - Tyler Bozak wins face-off versus Pavel Zacha in Devils zone.
19:02 of 3rd period - Tyler Bozak is hit by Pavel Zacha.
19:22 of 3rd period - Shot by Jared Spurgeon.
19:22 of 3rd period - Stopped by Marc-Andre Fleury with a rebound.
19:34 of 3rd period - Shot by Jared Spurgeon.
19:34 of 3rd period - Shot Blocked by Justin Schultz.
19:36 of 3rd period - Shot by Charlie Coyle.
19:36 of 3rd period - Stopped by Marc-Andre Fleury without a rebound.
19:37 of 3rd period - Tyler Bozak wins face-off versus John Tavares in Devils zone.
Goals for this period are 0 for Devils vs 0 for Flames.
Shots for this period are 7 for Devils vs 12 for Flames.